 Dungeon Crawl Stone Soup version 0.30-a0-972-gf3ab3527aa (webtiles) character file.

Game seed: 16429142342835116632

2319 Newt the Skirmisher (level 9, -3/48 HPs)
             Began as a Kobold Hunter on Mar 31, 2023.
             Was a Follower of Hepliaklqana.
             Slain by a gnoll sergeant
             ... wielding a +0 vampiric trident
              (10 damage)
             ... on level 7 of the Dungeon.
             The game lasted 00:07:10 (6602 turns).

Newt the Skirmisher (Kobold Hunter)                 Turns: 6602, Time: 00:07:10

Health: -3/48      AC:  4    Str:  8    XL:     9   Next: 69%
Magic:  9/9        EV: 19    Int: 17    God:    Hepliaklqana [*.....]
Gold:   362        SH:  0    Dex: 28    Spells: 8/8 levels left

rFire   . . .      SeeInvis .    a - +0 shortbow
rCold   . . .      Faith    .    (shield currently unavailable)
rNeg    . . .      Spirit   .    c - +0 leather armour
rPois   .          Reflect  .    (no helmet)
rElec   .          Rampage  .    (no cloak)
rCorr   .                        (no gloves)
Will    .....                    l - +0 pair of boots
Stlth   +++                      (no amulet)
HPRegen 0.28/turn                q - +6 ring of dexterity
MPRegen 0.11/turn                u - +6 ring of intelligence

@: no status effects
A: reduced essence, small, no large weapons, nightstalker 3
a: Renounce Religion, Recall Ancestor, Ancestor Identity


You were on level 7 of the Dungeon.
You worshipped Hepliaklqana.
Hepliaklqana was aware of your devotion.
You visited 2 branches of the dungeon, and saw 8 of its levels.

You collected 362 gold pieces.

Inventory:

Hand Weapons
 a - a +0 shortbow (weapon)
Missiles
 n - 2 atropa-tipped darts
Armour
 c - a +0 leather armour (worn)
 l - a +0 pair of boots (worn)
Jewellery
 f - a ring of magical power
 q - a +6 ring of dexterity (left hand)
 u - a +6 ring of intelligence (right hand)
Wands
 j - a wand of iceblast (6)
Scrolls
 b - 2 scrolls of immolation
 g - 5 scrolls of teleportation
 h - 3 scrolls of fear
 m - a scroll of amnesia
 r - 2 scrolls of blinking
 s - a scroll of fog
Potions
 d - 3 potions of flight
 e - a potion of curing
 i - a potion of haste
 k - a potion of heal wounds
 o - a potion of might
 p - 2 potions of brilliance {unknown}
 t - a potion of berserk rage {unknown}
 v - a potion of magic {unknown}
 w - 2 potions of degeneration {unknown}


   Skills:
 - Level 5.0 Fighting
 + Level 14.5 Ranged Weapons
 - Level 6.0 Dodging
 - Level 1.3 Stealth


You had 8 spell levels left.
You didn't know any spells.
Your spell library contained the following spells:

 Spells                   Type           Power      Damage    Failure   Level
 Shock                    Conj/Air       0%         1d3       34%         1
 Lesser Beckoning         Tloc           0%         N/A       45%         2
 Gell's Gravitas          Tloc           0%         N/A       71%         3
 Swiftness                Air            0%         N/A       71%         3
 Teleport Other           Tloc           0%         N/A       71%         3
 Airstrike                Air            0%         2d(0-16)  98%         4
 Alistair's Intoxication  Tmut/Pois      0%         N/A       100%        5
 Borgnjor's Vile Clutch   Necr/Erth      0%         N/A       100%        5
 Eringya's Noxious Bog    Tmut/Pois      0%         N/A       100%        6


Dungeon Overview and Level Annotations

Branches:
Dungeon (7/15)             Temple (1/1) D:5

Altars:
Ashenzari
Cheibriados
Dithmenos
Elyvilon
Gozag
Hepliaklqana
Makhleb
Nemelex Xobeh
Okawaru
Qazlal
Ru
Trog
Uskayaw
Vehumet
Wu Jian
Xom
Yredelemnul
The Shining One

Shops:
D:1 [

Annotations:
D:4 3 runed translucent doors, pokeman's ghost, amateur DEHW


Innate Abilities, Weirdness & Mutations

Your life essence is reduced to manifest your ancestor. (-10% HP)
You are small and have problems with some larger weapons.
You are completely attuned to the shadows.


Message History

Unknown command.
Fire: a) +0 shortbow
Press: ? - help, Shift-Dir - straight line, f - gnoll sergeant
Aim: a gnoll sergeant, wielding a +0 vampiric trident and wearing a +0 scale mail (heavily wounded, 78% to hit)
You shoot an arrow. The arrow completely misses the gnoll.
The arrow hits the gnoll sergeant.
The gnoll sergeant is heavily wounded.
Fire: a) +0 shortbow
Press: ? - help, Shift-Dir - straight line, f/p - gnoll sergeant
Aim: a gnoll sergeant, wielding a +0 vampiric trident and wearing a +0 scale mail (heavily wounded, 78% to hit)
You shoot an arrow.
The arrow hits the gnoll but does no damage.
The gnoll hits you with a +0 whip.
* * * LOW HITPOINT WARNING * * *
The gnoll sergeant closely misses you.
Fire: a) +0 shortbow
Press: ? - help, Shift-Dir - straight line, f/p - gnoll sergeant
Aim: a gnoll sergeant, wielding a +0 vampiric trident and wearing a +0 scale mail (heavily wounded, 78% to hit)
You shoot an arrow. The arrow hits the gnoll!
The gnoll is almost dead.
The gnoll sergeant barely misses you. The gnoll hits you with a +0 whip.
* * * LOW HITPOINT WARNING * * *
You feel better. The gnoll barely misses you. The gnoll sergeant misses you.
Fire: a) +0 shortbow
Press: ? - help, Shift-Dir - straight line, f/p - gnoll sergeant
Aim: a gnoll sergeant, wielding a +0 vampiric trident and wearing a +0 scale mail (heavily wounded, 78% to hit)
You shoot an arrow. The arrow hits the gnoll.
You kill the gnoll!
The gnoll sergeant hits you from afar with a +0 vampiric trident.
* * * LOW HITPOINT WARNING * * *
The gnoll sergeant draws strength from your wounds!
Unknown command.
Fire: a) +0 shortbow
Press: ? - help, Q - select action, (/) - cycle Shift-Dir - straight line, f/p - gnoll sergeant
Aim: a gnoll sergeant, wielding a +0 vampiric trident and wearing a +0 scale mail (heavily wounded, 78% to hit)
You shoot an arrow.
The arrow hits the gnoll sergeant but does no damage.
The gnoll sergeant is heavily wounded.
The gnoll sergeant hits you from afar with a +0 vampiric trident!
You die...

.... .... .####)...
.......). ##.# .#.gg))..
. ...###....#)#...###
#.##)........#@##....#
................##...#
....<.)...##.....#...# .
.##.......##.###.....# .
###.....##..###.#... .
#...))....###....#
§######..)).###.........
.D§......)..............
################........


You could see a gnoll sergeant and a gnoll.

Vanquished Creatures
  A two-headed ogre (D:6)
  A steam dragon (D:6)
  An ice beast (D:5)
  2 black bears (D:6)
  An ogre (D:5)
  2 phantoms
  A scorpion (D:6)
  A howler monkey (D:5)
  A bullfrog zombie (D:4)
  A jelly (D:6)
  3 hounds
  2 sleepcaps
  Jessica (D:2)
  2 iguanas
  A scorpion zombie (D:4)
  Natasha (twice) (D:2)
  4 orc wizards
  2 hound zombies (D:4)
  7 adders
  6 gnolls
  A white imp (D:6)
  2 adder zombies (D:4)
  An adder skeleton (D:4)
  2 dart slugs (D:4)
  9 orcs
  2 bats (D:3)
  7 endoplasms
  6 goblins
  3 hobgoblins
  6 jackals (D:1)
  5 quokkas
  4 ball pythons
  2 frilled lizards (D:1)
  3 kobolds
  2 rats
97 creatures vanquished.

Vanquished Creatures (collateral kills)
  A steam dragon (D:7)
  A black bear (D:7)
  A kobold brigand (D:7)
  2 gnolls
  2 kobolds (D:7)
7 creatures vanquished.

Vanquished Creatures (others)
  An ancestor (D:7)
  A plant (D:1)
  2 withered plants (D:4)
4 creatures vanquished.

Grand Total: 108 creatures vanquished

Notes
Turn   | Place    | Note
-------+----------+-------------------------------------------
     0 | D:1      | Newt the Kobold Hunter began the quest for the Orb.
     0 | D:1      | Reached XP level 1. HP: 12/12 MP: 1/1
   223 | D:1      | Reached XP level 2. HP: 10/18 MP: 2/2
   563 | D:1      | Reached XP level 3. HP: 23/23 MP: 3/3
   623 | D:1      | Found Zitwank Lose's Antique Armour Shoppe.
   981 | D:2      | Noticed Jessica
   985 | D:2      | Killed Jessica
   986 | D:2      | Reached XP level 4. HP: 30/30 MP: 4/4
  1259 | D:2      | Noticed Natasha
  1263 | D:2      | Killed Natasha
  1264 | D:2      | Reached skill level 5 in Fighting
  1458 | D:2      | Found a faded altar of an unknown god.
  1530 | D:2      | Noticed Natasha
  1536 | D:2      | Killed Natasha
  1537 | D:2      | Reached skill level 6 in Ranged Weapons
  1537 | D:2      | Reached XP level 5. HP: 35/35 MP: 5/5
  1853 | D:3      | You fall into a shaft and drop 2 floors!
  1853 | D:5      | Entered Level 5 of the Dungeon
  2082 | D:4      | Noticed a phantom
  2345 | D:4      | Reached skill level 7 in Ranged Weapons
  2345 | D:4      | Reached XP level 6. HP: 21/40 MP: 6/6
  2362 | D:5      | Reached skill level 8 in Ranged Weapons
  2995 | D:4      | Reached XP level 7. HP: 11/44 MP: 7/7
  3129 | D:4      | Reached skill level 9 in Ranged Weapons
  3430 | D:4      | Found a runed translucent gate.
  3431 | D:4      | Found a runed translucent gate.
  3432 | D:4      | Found a runed translucent gate.
  3434 | D:4      | Noticed pokeman's ghost (amateur DEHW)
  3977 | D:5      | Reached skill level 10 in Ranged Weapons
  4020 | D:5      | Reached XP level 8. HP: 49/49 MP: 8/8
  4061 | D:5      | Found a staircase to the Ecumenical Temple.
  4067 | Temple   | Entered the Ecumenical Temple
  4266 | Temple   | Became a worshipper of Hepliaklqana the Forgotten
  4304 | D:5      | Reached skill level 5 in Dodging
  4692 | D:6      | Found a shadowy altar of Dithmenos.
  4692 | D:6      | Found a broken altar of Ashenzari.
  4696 | D:6      | Found a glowing golden altar of the Shining One.
  4841 | D:6      | Found a sacrificial altar of Ru.
  5165 | D:6      | Found a bloodstained altar of Trog.
  5209 | D:6      | Noticed a two-headed ogre
  5234 | D:6      | Killed a two-headed ogre
  5235 | D:6      | Reached skill level 12 in Ranged Weapons
  5235 | D:6      | Reached XP level 9. HP: 26/54 MP: 9/9
  5568 | D:6      | Reached skill level 13 in Ranged Weapons
  5885 | D:6      | Reached * piety under Hepliaklqana
  6378 | D:7      | Reached skill level 14 in Ranged Weapons
  6602 | D:7      | Slain by a gnoll sergeant

Illustrated notes

Levels and vault maps discovered:
D:1:      wander_arrival_peaceful_grave, layout_basic, serial_shops,
          nicolae_shop_stone, serial_bayou_ford_a
D:2:      layout_loops_ring, ebering_ecumenical_altar_abandoned, corexii_shack,
          uniq_jessica, uniq_natasha
D:3:      layout_basic, chequers_serial_rivers_small_b
D:4:      layout_basic, serial_undead, serial_undead_b, serial_undead_f,
          serial_undead_b, serial_undead_c, serial_undead_f,
          gammafunk_ghost_split
D:5:      layout_cave_pools, minmay_temple_entry_poolview,
          nicolae_figureground_pulse
D:6:      layout_loops_corners, trog_book, grunt_temple_overflow_open
D:7:      layout_rooms, lemuel_crystal_altar
Temple:   nicolae_temple_figure_eight

Skill      XL: |  1  2  3  4  5  6  7  8  9 |
---------------+----------------------------+-----
Fighting       | 3 4 5 |  5.0
Ranged Weapons | 6 7 8 10 12 14 | 14.5
Dodging        | 4 6 |  6.0
Stealth        | |  1.3

Action                     |  1- 3 |  4- 6 |  7- 9 || total
---------------------------+-------+-------+-------++-------
  Melee: Shortbow          |       |       |     3 ||     3
   Fire: Shortbow          |    53 |   123 |   203 ||   379
  Evoke: Wand              |       |       |     3 ||     3
    Use: Scroll            |       |     7 |     2 ||     9
         Potion            |       |     4 |     1 ||     5
 Armour: Leather armour    |    14 |    31 |    12 ||    57
  Dodge: Dodged            |    59 |   100 |    79 ||   238

Table legend: (Time is in decaauts)
 A = Elapsed time spent in this place.
 B = Non-inter-level travel time spent in this place.
 C = Inter-level travel time spent in this place.
 D = Time resting spent in this place.
 E = Time spent auto-exploring this place.
 F = Levels seen in this place.
 G = Mean time per level.
                   A        B        C        D        E       F      G
               +--------+--------+--------+--------+--------+-----+--------+
         Total |   6641 |   6439 |    202 |   1063 |   4646 |   8 |  830.1 |
       Dungeon |   6420 |   6248 |    172 |   1063 |   4458 |   7 |  917.1 |
        Temple |    220 |    191 |     29 |      0 |    188 |   1 |  220.0 |
               +--------+--------+--------+--------+--------+-----+--------+

Top non-repeatable levels by time:
     D:6: 1713 daAuts
     D:4: 1192 daAuts
     D:1: 969 daAuts
     D:5: 909 daAuts
     D:2: 706 daAuts
     D:3: 692 daAuts
     D:7: 237 daAuts
  Temple: 220 daAuts
